 Dungeon Crawl Stone Soup version 0.23-a0-151-gf6d1ed2 (webtiles) character file.

2124579 kuniqs the Talismancer (level 27, 286/286 HPs)
             Began as a Deep Dwarf Fighter on Sept 8, 2018.
             Was the Champion of Makhleb.
             Escaped with the Orb
             ... and 3 runes!
             The game lasted 01:45:19 (47722 turns).

kuniqs the Talismancer (Deep Dwarf Fighter)        Turns: 47722, Time: 01:45:19

Health: 286/286    AC: 52    Str: 41    XL:     27
Magic:  17/17      EV: 14    Int:  8    God:    Makhleb [******]
Gold:   1677       SH: 26    Dex: 15    Spells: 24/26 levels left

rFire    + . .     SeeInvis .   V - +9 broad axe (chaos)
rCold    + + .     Gourm    .   Y - +0 large shield
rNeg     + + +     Faith    +   Z - +8 orange crystal plate armour {Archmagi, Int+3 Clar}
rPois    +         Spirit   .   w - +1 helmet of Awe {rN++ MR-}
rElec    +         Reflect  .   x - +3 cloak of Veejuq {+Fly rPois Dex+3}
rCorr    +         Harm     .   Q - +2 pair of gloves {Str+3}
MR       +++++     Clarity  +   P - -5 pair of boots of Minor Irritation {Regen+ rCorr Str-2 Slay+4}
Stlth    ..........             S - amulet of the Rabble {Faith *Drain rF+ rC+ Str+8}
HPRegen  0.00/turn              F - ring "Qumaumij" {rElec rC+ MR+++ Int-5}
MPRegen  0.15/turn              a - +5 ring of protection

@: non-regenerating
A: damage resistance, heal wounds, camouflage 1, blink, negative energy
resistance 1, sense surroundings 3, poison resistance, no regeneration
0: Orb of Zot
}: 3/15 runes: decaying, serpentine, silver
a: Heal Wounds, Blink, Minor Destruction, Lesser Servant of Makhleb, Major
Destruction, Greater Servant of Makhleb, Renounce Religion, Evoke Flight


You escaped.
You worshipped Makhleb.
Makhleb was exalted by your worship.
You were very full.

You visited 10 branches of the dungeon, and saw 50 of its levels.
You also visited: Labyrinth, Bailey, Ice Cave and Wizlab.

You collected 7792 gold pieces.
You spent 6115 gold pieces at shops.

Inventory:

Hand Weapons
 V - a +9 broad axe of chaos (weapon)
Missiles
 H - 3 throwing nets (quivered)
Armour
 w - the +1 helmet of Awe (worn) {rN++ MR-}
   (You found it on level 5 of the Depths)

   It greatly protects you from negative energy.
   It affects your resistance to hostile enchantments.
 x - the +3 cloak of Veejuq (worn) {+Fly rPois Dex+3}
   (You acquired it on level 5 of the Vaults)

   It affects your dexterity (+3).
   It protects you from poison.
   It lets you fly.
 P - the -5 pair of boots of Minor Irritation (worn) {Regen+ rCorr Str-2 Slay+4}
   (You bought it in a shop on level 2 of the Orcish Mines)

   It affects your strength (-2).
   It affects your accuracy and damage with ranged weapons and melee attacks
   (+4).
   It increases your rate of regeneration.
   It provides partial protection from all sources of acid and corrosion.
 Q - a +2 pair of gloves of strength (worn)
 Y - a +0 large shield (worn)
 Z - the +8 orange crystal plate armour (worn) {Archmagi, Int+3 Clar}
   (You bought it in a shop on level 4 of the Depths)

   It affects your intelligence (+3).
   It protects you against confusion.
Jewellery
 a - a +5 ring of protection (right hand)
 F - the ring "Qumaumij" (left hand) {rElec rC+ MR+++ Int-5}
   (You found it on level 2 of the Depths)

   [ring of protection from cold]

   It affects your intelligence (-5).
   It protects you from cold.
   It insulates you from electricity.
   It affects your resistance to hostile enchantments.
 S - the amulet of the Rabble (around neck) {Faith *Drain rF+ rC+ Str+8}
   (You took it off a centaur warrior on level 3 of the Depths)

   [amulet of faith]

   It allows you to gain divine favour quickly.
   It affects your strength (+8).
   It protects you from fire.
   It protects you from cold.
   It causes draining when unequipped.
Wands
 b - a wand of paralysis (55)
 p - a wand of polymorph (25)
 s - a wand of digging (97)
 u - a wand of clouds (7)
 B - a wand of acid (31)
 G - a wand of disintegration (11)
 M - a wand of iceblast (27)
 N - a wand of scattershot (11)
Scrolls
 e - 7 scrolls of fog
 h - 28 scrolls of teleportation
 j - 6 scrolls of enchant armour
 k - 3 scrolls of magic mapping
 o - 4 scrolls of blinking
 q - 9 scrolls of immolation
 r - 31 scrolls of remove curse {@r2}
 t - 7 scrolls of fear
 y - a scroll of vulnerability
 E - a scroll of holy word
 O - 9 scrolls of identify {@r1}
 X - 3 scrolls of summoning
Potions
 d - 2 potions of might
 g - 8 potions of lignification
 i - 15 potions of curing {@q1}
 l - 2 potions of resistance
 m - 8 potions of heal wounds
 n - 4 potions of invisibility
 D - 10 potions of flight
 I - 6 potions of cancellation
 K - a potion of mutation
 L - 3 potions of haste
 W - 6 potions of agility
Miscellaneous
 c - a lamp of fire
 A - 5 boxes of beasts
 J - 2 sacks of spiders
 T - a fan of gales
 U - 3 phantom mirrors
Comestibles
 f - 83 rations


   Skills:
 + Level 24.3 Fighting
 - Level 18.0 Axes
 - Level 24.5 Armour
 - Level 10.0 Dodging
 - Level 20.0 Shields
 - Level 10.0 Charms
 - Level 8.0 Invocations
 O Level 27 Evocations


You had 24 spell levels left.
You knew the following spells:

 Your Spells              Type           Power        Failure   Level  Hunger
a - Song of Slaying       Chrm           ###.....     9%          2    ###....

Your spell library contained the following spells:

 Spells                   Type           Power        Failure   Level  Hunger
 Infusion                 Chrm           ###.         5%          1    ##.....
 Shroud of Golubria       Chrm/Tloc      ##........   54%         2    ###....
 Ozocubu's Armour         Chrm/Ice       ##......     78%         3    ####...
 Spectral Weapon          Hex/Chrm       ##......     78%         3    ####...
 Animate Skeleton         Necr           N/A          98%         1    ##.....
 Apportation              Tloc           #.....       98%         1    ##.....
 Confusing Touch          Hex            #.....       98%         1    ##.....
 Corona                   Hex            #......      98%         1    ##.....
 Flame Tongue             Conj/Fire      #....        98%         1    ##.....
 Freeze                   Ice            #...         98%         1    ##.....
 Magic Dart               Conj           #...         98%         1    ##.....
 Pain                     Necr           #...         98%         1    ##.....
 Shock                    Conj/Air       #...         98%         1    ##.....
 Sting                    Conj/Pois      #...         98%         1    ##.....
 Summon Butterflies       Summ           #.......     98%         1    ##.....
 Summon Small Mammal      Summ           #...         98%         1    ##.....
 Blink                    Tloc           N/A          99%         2    ###....
 Call Imp                 Summ           #.......     99%         2    ###....
 Corpse Rot               Necr           N/A          99%         2    ###....
 Ensorcelled Hibernation  Hex/Ice        #.....       99%         2    ###....
 Poisonous Vapours        Pois/Air       #.....       99%         2    ###....
 Slow                     Hex            #.......     99%         2    ###....
 Sublimation of Blood     Necr           #.........   99%         2    ###....
 Throw Flame              Conj/Fire      #.....       99%         2    ###....
 Throw Frost              Conj/Ice       #.....       99%         2    ###....
 Call Canine Familiar     Summ           #.......     100%        3    ####...
 Confuse                  Hex            #.......     100%        3    ####...
 Conjure Flame            Conj/Fire      #.......     100%        3    ####...
 Dazzling Spray           Conj/Hex       #.....       100%        3    ####...
 Gell's Gravitas          Tloc           #.........   100%        3    ####...
 Ignite Poison            Fire/Tmut/Pois #.......     100%        3    ####...
 Inner Flame              Hex/Fire       #.......     100%        3    ####...
 Lesser Beckoning         Tloc           #.........   100%        3    ####...
 Mephitic Cloud           Conj/Pois/Air  #.......     100%        3    ####...
 Portal Projectile        Hex/Tloc       #.....       100%        3    ####...
 Recall                   Summ/Tloc      N/A          100%        3    ####...
 Static Discharge         Conj/Air       #.......     100%        3    ####...
 Summon Guardian Golem    Hex/Summ       #.......     100%        3    ####...
 Teleport Other           Tloc           #.......     100%        3    ####...
 Tukima's Dance           Hex            #.......     100%        3    ####...
 Vampiric Draining        Necr           #.........   100%        3    ####...
 Animate Dead             Necr           N/A          100%        4    #####..
 Cause Fear               Hex            #.........   100%        4    #####..
 Force Lance              Conj/Tloc      #.......     100%        4    #####..
 Ice Form                 Ice/Tmut       #.......     100%        4    #####..
 Leda's Liquefaction      Hex/Erth       #.........   100%        4    #####..
 Olgreb's Toxic Radiance  Pois           #.......     100%        4    #####..
 Petrify                  Tmut/Erth      #.......     100%        4    #####..
 Sticky Flame             Conj/Fire      #.......     100%        4    #####..
 Summon Ice Beast         Ice/Summ       #.......     100%        4    #####..
 Summon Lightning Spire   Summ/Air       #.......     100%        4    #####..
 Throw Icicle             Conj/Ice       #.......     100%        4    #####..
 Agony                    Necr           #.......     100%        5    ######.
 Alistair's Intoxication  Tmut/Pois      #.......     100%        5    ######.
 Aura of Abjuration       Summ           #.........   100%        5    ######.
 Bolt of Draining         Conj/Necr      #.........   100%        5    ######.
 Bolt of Magma            Conj/Fire/Erth #.........   100%        5    ######.
 Borgnjor's Vile Clutch   Necr/Erth      #.........   100%        5    ######.
 Dispel Undead            Necr           #.......     100%        5    ######.
 Excruciating Wounds      Chrm/Necr      ##........   100%        5    ######.
 Fireball                 Conj/Fire      #.........   100%        5    ######.
 Irradiate                Conj/Tmut      #.........   100%        5    ######.
 Lightning Bolt           Conj/Air       #.........   100%        5    ######.
 Metabolic Englaciation   Hex/Ice        #.........   100%        5    ######.
 Silence                  Hex/Air        #.........   100%        5    ######.
 Summon Demon             Summ           #.........   100%        5    ######.
 Summon Forest            Summ/Tloc      #.........   100%        5    ######.
 Summon Mana Viper        Hex/Summ       #.......     100%        5    ######.
 Venom Bolt               Conj/Pois      #.........   100%        5    ######.
 Yara's Violent Unravell  Hex/Tmut       #.........   100%        5    ######.
 Bolt of Cold             Conj/Ice       #.........   100%        6    #######
 Bolt of Fire             Conj/Fire      #.........   100%        6    #######
 Conjure Ball Lightning   Conj/Air       #.........   100%        6    #######
 Darkness                 Hex            #.........   100%        6    #######
 Death Channel            Necr           #.........   100%        6    #######
 Deflect Missiles         Chrm/Air       ##........   100%        6    #######
 Dispersal                Tloc           #.........   100%        6    #######
 Freezing Cloud           Conj/Ice/Air   #.........   100%        6    #######
 Invisibility             Hex            #.......     100%        6    #######
 Iron Shot                Conj/Erth      #.........   100%        6    #######
 Ozocubu's Refrigeration  Ice            #.........   100%        6    #######
 Shadow Creatures         Summ           N/A          100%        6    #######
 Simulacrum               Ice/Necr       #.........   100%        6    #######
 Statue Form              Tmut/Erth      #........    100%        6    #######
 Ring of Flames           Chrm/Fire      ##........   100%        7    #######
 Spellforged Servitor     Conj/Summ      #.........   100%        7    #######
 Summon Hydra             Summ           #.........   100%        7    #######
 Controlled Blink         Tloc           N/A          100%        8    #######
 Discord                  Hex            #.........   100%        8    #######
 Disjunction              Tloc           #.........   100%        8    #######
 Ignition                 Fire           #.........   100%        8    #######
 Shatter                  Erth           #.........   100%        9    #######
 Tornado                  Air            #.........   100%        9    #######
 Regeneration             Chrm/Necr      Unusable     N/A         3    N/A
 Passage of Golubria      Tloc           Unusable     N/A         4    N/A

Dungeon Overview and Level Annotations

Branches:
Dungeon (15/15)            Temple (1/1) D:7            Lair (6/6) D:10
  Swamp (4/4) Lair:3        Snake (4/4) Lair:4        Slime (0/5) Lair:5
    Orc (2/2) D:10            Elf (3/3) Orc:2        Vaults (5/5) D:14
  Crypt (0/3) Vaults:3     Depths (5/5) D:15            Zot (5/5) Depths:5

Altars:
Ashenzari
Cheibriados
Dithmenos
Elyvilon
Fedhas
Gozag
Hepliaklqana
Kikubaaqudgha
Makhleb
Nemelex Xobeh
Qazlal
Sif Muna
Trog
Vehumet
Xom
Yredelemnul
The Shining One
Beogh
Jiyva

Shops:
D:8 [   D:12 ?   D:14 (   Orc:2 [%(*   Elf:1 *   Snake:1 (   Snake:4 [
Vaults:1 !   Vaults:4 [   Depths:2 %   Depths:4 (}[[   Depths:5 ==}

Portals:
Hell: Depths:1 Depths:2 Depths:3 Depths:4 Depths:5
Abyss: Depths:2 Depths:4
Pandemonium: Depths:1 Depths:2 Depths:3
Ziggurat: Depths:5
Trove: Vaults:4 (show slimy rune of Zot)

Annotations:
D:7 2 transporters, Karim's ghost, novice GnEE
Lair:6 exclusion: 4 oklob plants
Snake:1 3 runed doors, Potteusyxu's ghost, adept MiBe
Elf:2 3 runed doors


Innate Abilities, Weirdness & Mutations

You are resistant to damage.
You can heal yourself by infusing magical energy.
You resist negative energy. (rN+)
You passively map a large area around you.
You do not regenerate.
Your skin changes colour to match your surroundings (Stealth+).
You can translocate small distances at will.
Your system is resistant to poisons. (rPois)


Message History

Thar be a stone staircase leadin' down 'ere.
Thar be a stone staircase leadin' up 'ere.
Ye climb upwards.
Thar be a stone staircase leadin' down 'ere.
Thar be a stone staircase leadin' up 'ere.
Ye climb upwards.
Thar be a stone staircase leadin' down 'ere.
Thar be an op'n door 'ere.
Thar be a stone staircase leadin' up 'ere.
Ye climb upwards.
Thar be a stone staircase leadin' down 'ere.
Thar be an op'n door 'ere.
Thar be an op'n door 'ere.
Ye op'n tha door.
Thar be an op'n door 'ere.
Thar be an op'n door 'ere.
As ye op'n tha door, it creaks loudly!
Thar be an op'n door 'ere.
Thar be a staircase leadin' outta tha dungeon 'ere.
Ye haf 'scaped!

######.##.#####(..##########
#.##.#.................
#.##.#>................
#.##.#.################
###########.##.#.#
............##.#.# ###
##############...# #.. #
##### #.. # #@# #.. #
###.### #.. # #.'.'.# #.. #
###.###.### #.. #
#('#'.+#'.# ### ########
###.###.###.### ##.....#
#.'#'.'#+.+#'.#
.'.....###.###.###.###.###
##.....#.'#'.'#'.'#'.+#'.#


There were no monsters in sight!

Vanquished Creatures
  9 ancient liches
  2 orbs of fire
  Sojobo (Vaults:2)
  A pandemonium lord (Zot:5)
  Vashnia (Snake:2)
  6 caustic shrikes (Depths:3)
  Saint Roka (Vaults:4)
  3 Killer Klowns
  3 curse toes
  9 golden dragons
  A bone dragon (Vaults:3)
  5 electric golems
  15 tentacled monstrosities
  Asterion (Vaults:3)
  24 Orb Guardians
  8 liches
  5 titans
  6 quicksilver dragons
  A deep elf master archer (Elf:3)
  4 deep elf blademasters (Elf:3)
  5 sphinxes
  5 death cobs
  12 shadow dragons
  4 thorn hunters
  Agnes (D:14)
  16 storm dragons
  9 tengu reavers
  8 draconian monks
  11 fire giants
  15 nagarajas
  A ghost moth (Zot:1)
  A frost giant (shapeshifter) (Vaults:5)
  An azure jelly (shapeshifter) (Vaults:5)
  3 iron dragons
  11 frost giants
  Louise (Snake:1)
  5 draconian scorchers
  11 vault wardens
  12 deep elf sorcerers
  9 draconian knights
  2 orc warlords
  A balrug (Depths:1)
  3 draconian shifters
  A juggernaut zombie (D:15)
  6 draconian annihilators
  3 deep elf elementalists
  4 draconian stormcallers
  15 ironheart preservers
  6 war gargoyles
  22 very ugly things
  An entropy weaver (shapeshifter) (Vaults:5)
  17 stone giants
  2 vampire knights
  12 green draconians
  18 black draconians
  9 deep elf annihilators
  16 yellow draconians
  6 deep elf demonologists
  An orange crystal statue (WizLab)
  7 white draconians
  12 red draconians
  11 purple draconians
  A minotaur (Lab)
  7 spark wasps
  17 ettins
  13 yaktaur captains
  10 deep elf death magi
  A crystal guardian (Vaults:3)
  A blizzard demon (Depths:5)
  13 fire dragons
  8 deep elf high priests
  8 great orbs of eyes
  19 hydras
  36 vault guards
  4 spriggan air magi
  2 rakshasas (Depths:1)
  A monstrous demonspawn (Depths:1)
  2 shambling mangroves
  9 ice dragons
  8 anacondas
  2 catoblepae
  13 naga warriors
  A death knight (Vaults:1)
  6 death yaks (Lair:6)
  11 centaur warriors
  A ghost crab (Swamp:4)
  39 two-headed ogres
  10 alligators
  2 two-headed ogres (shapeshifter)
  21 ogre magi
  13 dancing weapons
  3 tengu warriors
  10 deep troll shamans
  8 deep troll earth magi
  A vampire mage (D:15)
  5 spriggan berserkers
  13 naga sharpshooters
  9 shock serpents
  Urug (D:10)
  17 deep elf knights
  6 sun demons
  2 soul eaters (Depths:5)
  8 small abominations
  10 skeletal warriors
  A fire crab (shapeshifter) (D:13)
  A spark wasp zombie (Depths:1)
  11 sea snakes
  A swamp dragon (shapeshifter) (Vaults:1)
  5 iron trolls
  3 salamander mystics
  2 shadow wraiths
  8 naga ritualists
  32 deep trolls
  7 swamp dragons
  6 unseen horrors
  3 flayed ghosts
  An unseen horror (shapeshifter) (Depths:2)
  14 deep elf archers
  3 spriggan druids
  A glowing orange brain (Depths:1)
  2 obsidian statues
  10 wizards
  8 ironbrand convokers
  A lindwurm (Lair:6)
  14 orc knights
  An orb spider (shapeshifter) (D:13)
  7 phantasmal warriors
  8 necromancers
  3 orc sorcerers
  16 mana vipers
  2 orb spiders (Zot:1)
  50 deep elf magi
  7 cyclopes
  3 manticores
  55 ugly things
  6 wolf spiders
  A frost giant zombie (Vaults:3)
  14 salamanders
  29 moths of wrath
  A stone giant skeleton (Vaults:3)
  Joseph (D:9)
  A faun (shapeshifter) (Depths:5)
  12 vault sentinels
  4 ice statues (IceCv)
  2 centaur zombies
  A toenail golem (D:8)
  36 black mambas
  A smoke demon (Zot:5)
  4 centaur skeletons
  14 naga magi
  An orange demon (Depths:5)
  7 large abominations
  13 guardian serpents
  3 molten gargoyles
  5 spectral swamp worms (Depths:2)
  14 spiny frogs
  2 efreet
  A spriggan skeleton (D:15)
  8 komodo dragons
  5 rime drakes
  4 freezing wraiths
  A rime drake (shapeshifter) (Vaults:2)
  27 yaktaurs
  A yaktaur (shapeshifter) (Vaults:1)
  A golden dragon simulacrum (IceCv)
  A komodo dragon (shapeshifter) (Vaults:5)
  3 anaconda simulacra (IceCv)
  2 hellwings (Zot:5)
  3 tengu conjurers
  A polar bear (Lair:6)
  7 ice devils
  2 jumping spiders (Zot:1)
  A polar bear (shapeshifter) (Vaults:2)
  2 queen bees (shapeshifter)
  3 red devils
  A jumping spider (shapeshifter) (D:14)
  6 trolls
  Grinder (D:3)
  5 tyrant leeches
  A fire dragon zombie (D:15)
  31 slime creatures
  5 blink frogs (Lair:6)
  9 dream sheep
  14 hornets
  2 hippogriffs (shapeshifter)
  A deep troll zombie (Depths:1)
  6 bog bodies
  7 hippogriffs
  A meliai zombie (D:13)
  An air elemental (Elf:1)
  A tarantella (shapeshifter) (Vaults:5)
  An elf skeleton (Depths:1)
  An ettin skeleton (D:15)
  2 tarantellas (Zot:1)
  7 water elementals
  A ynoxinul (D:6)
  6 fire elementals
  9 spriggans
  2 wraiths
  4 wyverns
  4 shadows
  42 yaks
  5 chaos spawn (Depths:4)
  A hungry ghost (D:12)
  A basilisk (shapeshifter) (Vaults:1)
  2 steam dragons (Lair:6)
  3 hogs (Lair:6)
  9 basilisks
  17 humans
  13 vampire mosquitoes
  10 insubstantial wisps
  41 nagas
  A soldier ant (shapeshifter) (Vaults:2)
  21 swamp worms
  An iron troll simulacrum (IceCv)
  6 wargs
  2 harpy simulacra (IceCv)
  3 hell hounds (Lair:6)
  12 water moccasins
  3 acid dragons
  7 porcupines
  A floating eye (shapeshifter) (Vaults:5)
  2 black bears
  51 orc warriors
  An eye of draining (D:10)
  10 swamp drakes
  3 sky beasts
  13 ice beasts
  A black bear (shapeshifter) (Depths:5)
  A human zombie (Vaults:3)
  2 ettin simulacra
  A hornet zombie (D:14)
  A phantom (D:12)
  A necrophage (D:11)
  18 boggarts
  3 wolves (Lair:3)
  18 centaurs
  49 ogres
  14 crocodiles
  Blork the orc (D:15)
  19 bullfrogs
  2 big kobolds
  2 earth elementals (Elf:2)
  A gnoll sergeant (D:8)
  2 wyvern skeletons
  3 scorpions
  6 wights
  7 electric eels
  12 crimson imps
  3 lava snakes (Lair:6)
  11 hounds
  A quasit (D:8)
  A yaktaur simulacrum (Vaults:1)
  A bullfrog zombie (D:11)
  11 jellies
  17 orc priests
  4 bullfrog skeletons
  2 iron imps
  5 iguanas
  Terence (D:3)
  28 orc wizards
  7 worker ants
  A hound zombie (D:9)
  A hound skeleton (D:9)
  A worker ant zombie (D:6)
  7 gnolls
  10 adders
  An adder (shapeshifter) (Elf:2)
  4 shadow imps
  4 white imps
  12 oozes
  An adder zombie (D:9)
  2 adder skeletons
  3 worms
  5 leopard geckos
  120 orcs
  4 bats
  5 giant cockroaches
  3 goblins
  4 hobgoblins
  10 quokkas
  A ball python (D:2)
  5 frilled lizards
  23 kobolds
  A leopard gecko skeleton (D:6)
  A leopard gecko zombie (D:6)
  8 rats
  A briar patch (Swamp:4)
  8 crawling corpses
  7 fungi
  12 plants
2256 creatures vanquished.

Vanquished Creatures (collateral kills)
  A caustic shrike (Depths:3)
  Nikola (Swamp:2)
  The ghost of Facky the Warrior, an adept BaSu of Gozag (Snake:4)
  Kirke (Lair:6)
  Snorg (D:12)
  2 hydras (Swamp:2)
  A spriggan air mage (Depths:3)
  2 anacondas (Snake:4)
  A shock serpent (Snake:4)
  A shining eye (Snake:4)
  An ice statue (IceCv)
  A guardian serpent (Snake:4)
  A naga mage (Snake:4)
  A komodo dragon (Lair:6)
  An anaconda simulacrum (IceCv)
  A hippogriff (D:12)
  A bog body (Swamp:2)
  A blink frog (Lair:6)
  3 nagas (Snake:4)
  A swamp drake (Swamp:2)
  A worker ant (D:12)
25 creatures vanquished.

Vanquished Creatures (others)
  A caustic shrike (Depths:3)
  A deep elf master archer (Elf:3)
  A storm dragon (Zot:1)
  A shadow dragon (Vaults:5)
  A fire giant (Depths:3)
  A draconian knight (Zot:4)
  A very ugly thing (IceCv)
  A purple draconian (Zot:4)
  3 yaktaur captains
  A deep troll shaman (Depths:1)
  A naga sharpshooter (Snake:2)
  A deep elf mage (Elf:3)
  A moth of wrath (Zot:5)
  2 guardian serpents (Snake:4)
  A yaktaur (Vaults:5)
  A spriggan (Swamp:4)
  A warg (Vaults:4)
  An ogre (D:7)
  A centaur (Vaults:4)
  An electric eel (Snake:2)
  A fire vortex (Zot:3)
  6 fungi (Lair:6)
  33 plants
63 creatures vanquished.

Grand Total: 2344 creatures vanquished

Notes
Turn   | Place    | Note
-------+----------+-------------------------------------------
     0 | D:1      | kuniqs the Deep Dwarf Fighter began the quest for the Orb.
     0 | D:1      | Reached XP level 1. HP: 20/20 MP: 1/1
   629 | D:1      | Reached XP level 2. HP: 22/27 MP: 2/2
   744 | D:2      | Reached skill level 1 in Dodging
   838 | D:2      | Reached XP level 3. HP: 28/33 MP: 3/3
  1588 | D:3      | Reached XP level 4. HP: 42/42 MP: 4/4
  1621 | D:3      | Noticed Grinder
  1632 | D:3      | Killed Grinder
  1632 | D:3      | Reached XP level 5. HP: 38/49 MP: 5/5
  1632 | D:3      | Reached XP level 6. HP: 44/56 MP: 6/6
  1658 | D:3      | Noticed Terence
  1662 | D:3      | Killed Terence
  2059 | D:3      | Found an opulent altar of Gozag.
  3216 | D:5      | Entered Level 5 of the Dungeon
  3259 | D:5      | Noticed an ice beast
  3270 | D:5      | Reached skill level 5 in Armour
  3270 | D:5      | Reached skill level 5 in Shields
  3270 | D:5      | Reached XP level 7. HP: 42/64 MP: 7/7
  3563 | D:5      | Found a shattered altar of Ashenzari.
  4033 | D:6      | Reached skill level 5 in Axes
  4033 | D:6      | Reached XP level 8. HP: 67/73 MP: 4/8
  4114 | D:6      | Reached skill level 5 in Fighting
  4305 | D:6      | Reached skill level 5 in Dodging
  4372 | D:6      | Found a shimmering altar of Xom.
  4407 | D:6      | Reached skill level 1 in Evocations
  4420 | D:6      | Found a glowing golden altar of the Shining One.
  4423 | D:6      | Found a deep blue altar of Sif Muna.
  4426 | D:6      | Found a blossoming altar of Fedhas.
  5033 | D:7      | Gained mutation: You passively map the area around you.
                  | [Deep Dwarf growth]
  5033 | D:7      | Reached XP level 9. HP: 72/81 MP: 10/10
  5089 | D:7      | Found a transporter.
  5089 | D:7      | Noticed Karim's ghost (novice GnEE)
  5091 | D:7      | Found a transporter.
  5156 | D:7      | Found a hazy altar of Hepliaklqana.
  5200 | D:7      | Reached skill level 2 in Evocations
  5211 | D:7      | Found a stormy altar of Qazlal.
  5520 | D:7      | Found a staircase to the Ecumenical Temple.
  5534 | Temple   | Entered the Ecumenical Temple
  5541 | Temple   | Became a worshipper of Makhleb the Destroyer
  5876 | D:8      | Reached skill level 1 in Invocations
  5878 | D:8      | Reached skill level 3 in Evocations
  6153 | D:8      | Reached * piety under Makhleb
  6237 | D:8      | Found Gugiamir's Armour Boutique.
  6246 | D:8      | Bought a +1 plate armour of fire resistance for 385 gold
                  | pieces
  6434 | D:8      | Reached skill level 4 in Evocations
  6666 | D:9      | Reached XP level 10. HP: 71/91 MP: 12/12
  6745 | D:9      | Reached skill level 5 in Evocations
  6858 | D:9      | Noticed Joseph
  6880 | D:9      | Killed Joseph
  6952 | D:9      | Reached ** piety under Makhleb
  7371 | D:10     | Entered Level 10 of the Dungeon
  7465 | D:10     | Found a flagged portal.
  7474 | Bailey   | Entered a bailey
  7532 | Bailey   | Got a jewelled buckler
  7545 | Bailey   | Identified the +3 buckler of Dice, Bag, and Bottle {Str+2}
                  | (You found it in a bailey)
  7585 | Bailey   | Reached skill level 5 in Invocations
  7591 | Bailey   | Found a bloodstained altar of Trog.
  7644 | D:10     | Noticed a two-headed ogre
  7684 | D:10     | Killed a two-headed ogre
  7708 | D:10     | Reached skill level 6 in Evocations
  7806 | D:10     | Found a staircase to the Orcish Mines.
  7833 | D:10     | Found a staircase to the Lair.
  7874 | D:10     | Noticed Urug
  7893 | D:10     | Killed Urug
  7968 | D:10     | Reached XP level 11. HP: 80/99 MP: 13/13
  8754 | D:11     | Reached *** piety under Makhleb
  8883 | D:11     | Noticed a two-headed ogre
  8894 | D:11     | Killed a two-headed ogre
  9219 | Lair:1   | Entered Level 1 of the Lair of Beasts
  9392 | Lair:1   | Reached skill level 7 in Evocations
  9407 | Lair:1   | Identified a scroll of acquirement
 10234 | Lair:2   | Reached **** piety under Makhleb
 10240 | Lair:2   | Reached skill level 8 in Evocations
 10311 | Lair:2   | Got a scorched mace
 10312 | Lair:2   | Identified the +7 mace "Maocisch" {flame, *Rage rElec
                  | Int+3} (You found it on level 2 of the Lair of Beasts)
 10370 | Lair:2   | Reached XP level 12. HP: 110/110 MP: 16/16
 10829 | Lair:3   | Noticed a four-headed hydra
 10839 | Lair:3   | Killed a one-headed hydra
 10920 | Lair:3   | Noticed a catoblepas
 10969 | Lair:3   | Killed a catoblepas
 11073 | Lair:3   | Found a staircase to the Swamp.
 11742 | Lair:4   | Found a staircase to the Snake Pit.
 11783 | Lair:4   | Reached skill level 10 in Shields
 11785 | Lair:4   | Reached skill level 9 in Evocations
 11922 | Lair:4   | Reached skill level 10 in Armour
 11994 | Lair:4   | Noticed a seven-headed hydra
 12004 | Lair:4   | Killed a two-headed hydra
 12146 | Lair:4   | Reached ***** piety under Makhleb
 12761 | Lair:5   | Noticed a four-headed hydra
 12771 | Lair:5   | Killed a one-headed hydra
 13053 | Lair:5   | Reached skill level 10 in Axes
 13115 | Lair:5   | Noticed a six-headed hydra
 13125 | Lair:5   | Killed a one-headed hydra
 13153 | Lair:5   | Found a viscous altar of Jiyva.
 13154 | Lair:5   | Found a staircase to the Slime Pits.
 13437 | Lair:6   | Entered Level 6 of the Lair of Beasts
 13456 | Lair:6   | Reached XP level 13. HP: 118/118 MP: 18/18
 13461 | Lair:6   | Reached skill level 10 in Evocations
 13629 | Lair:6   | Reached skill level 10 in Dodging
 13913 | Lair:6   | Got a translucent war axe
 13914 | Lair:6   | Identified the +0 war axe of Disarray {antimagic, Str-3
                  | Int+10} (You found it on level 6 of the Lair of Beasts)
 13994 | Lair:6   | Reached skill level 11 in Evocations
 14150 | Lair:6   | Noticed Kirke
 14165 | Lair:6   | Killed Kirke
 14499 | Lair:6   | Found a large runed door.
 14572 | Lair:6   | Noticed a fire dragon
 14593 | Lair:6   | Found a large runed door.
 14655 | Lair:6   | Killed a fire dragon
 15110 | D:12     | Noticed Snorg
 15120 | D:12     | Killed Snorg
 15124 | D:12     | Gained mutation: You resist negative energy. (rN+) [Deep
                  | Dwarf growth]
 15124 | D:12     | Reached XP level 14. HP: 94/130 MP: 20/20
 15249 | D:12     | Found Isoudann's Magic Scroll Shoppe.
 15252 | D:12     | Bought a scroll of enchant weapon for 112 gold pieces
 15252 | D:12     | Bought a scroll of brand weapon for 300 gold pieces
 15704 | D:13     | Found a labyrinth entrance.
 15713 | Lab      | Entered a labyrinth
 15867 | Lab      | Reached skill level 10 in Fighting
 15939 | D:13     | Reached skill level 12 in Evocations
 15988 | D:13     | Reached ****** piety under Makhleb
 16564 | D:13     | Found a shadowy altar of Dithmenos.
 16806 | D:14     | Noticed Agnes
 16833 | D:14     | Killed Agnes
 17192 | D:14     | Found Hevvihic's Antique Weapon Boutique.
 17584 | D:14     | Found a gate to the Vaults.
 17612 | D:14     | Reached skill level 13 in Evocations
 17682 | D:15     | Entered Level 15 of the Dungeon
 17721 | D:14     | Reached XP level 15. HP: 93/140 MP: 17/17
 17844 | D:15     | Found a staircase to the Depths.
 18404 | D:15     | Noticed Blork the orc
 18410 | D:15     | Killed Blork the orc
 18417 | D:15     | Found a deep blue altar of Sif Muna.
 18746 | Orc:1    | Entered Level 1 of the Orcish Mines
 19164 | Orc:2    | Entered Level 2 of the Orcish Mines
 19248 | Orc:2    | Found a roughly hewn altar of Beogh.
 19332 | Orc:2    | Found a roughly hewn altar of Beogh.
 19347 | Orc:2    | Found Xidazaox's Assorted Antiques.
 19361 | Orc:2    | Bought a small marble ring for 155 gold pieces
 19447 | Orc:2    | Found a staircase to the Elven Halls.
 19752 | Orc:2    | Found a roughly hewn altar of Beogh.
 19897 | Orc:2    | Noticed an orc warlord
 19924 | Orc:2    | Killed an orc warlord
 20021 | Orc:2    | Found a roughly hewn altar of Beogh.
 20045 | Orc:2    | Found Bearcha's Food Boutique.
 20103 | Orc:2    | Found a roughly hewn altar of Beogh.
 20230 | Orc:2    | Found a roughly hewn altar of Beogh.
 20286 | Orc:2    | Found Egynu's Antique Weapon Shop.
 20287 | Orc:2    | Found a roughly hewn altar of Beogh.
 20288 | Orc:2    | Found Xacloow's Antique Armour Boutique.
 20301 | Orc:2    | Bought a pair of spiked boots for 256 gold pieces
 20301 | Orc:2    | Bought a runed cloak for 202 gold pieces
 20326 | Orc:2    | Identified the cursed -5 pair of boots of Minor Irritation
                  | {Regen+ rCorr Str-2 Slay+4} (You bought it in a shop on
                  | level 2 of the Orcish Mines)
 20347 | Orc:2    | Bought a faintly glowing morningstar for 243 gold pieces
 20351 | Orc:2    | Identified the +0 morningstar "Venafent" {vamp, Str+7} (You
                  | bought it in a shop on level 2 of the Orcish Mines)
 20526 | Snake:1  | Entered Level 1 of the Snake Pit
 20561 | Snake:1  | Reached skill level 14 in Evocations
 20660 | Snake:1  | Noticed a nagaraja
 20660 | Snake:1  | Noticed a nagaraja
 20843 | Snake:1  | Found a runed gate.
 20843 | Snake:1  | Found a runed gate.
 20843 | Snake:1  | Found a runed gate.
 20844 | Snake:1  | Noticed a nagaraja
 20844 | Snake:1  | Noticed Potteusyxu's ghost (adept MiBe)
 20862 | Snake:1  | Found Fyuw's Weapon Boutique.
 20868 | Snake:1  | Noticed Louise
 20887 | Snake:1  | Killed Louise
 21009 | Snake:1  | Killed a nagaraja
 21390 | Snake:1  | Killed a nagaraja
 21390 | Snake:1  | Reached XP level 16. HP: 151/151 MP: 19/19
 21876 | Snake:2  | Gained mutation: You are dopey. (Int -2) [potion of
                  | mutation]
 21876 | Snake:2  | Gained mutation: You are partially covered in molten
                  | scales. (AC +2) [potion of mutation]
 21945 | Snake:2  | Noticed Vashnia
 22336 | Snake:2  | Reached skill level 15 in Evocations
 22373 | Snake:2  | Killed Vashnia
 23344 | Snake:3  | Reached XP level 17. HP: 162/162 MP: 17/17
 23656 | Snake:4  | Entered Level 4 of the Snake Pit
 23776 | Snake:4  | Noticed Facky's ghost (adept BaSu)
 23777 | Snake:4  | Found a transporter.
 23804 | Snake:4  | Found a transporter.
 23870 | Snake:4  | Killed Facky's ghost
 23870 | Snake:4  | Reached skill level 15 in Shields
 23975 | Snake:4  | Reached skill level 16 in Evocations
 24029 | Snake:4  | Reached skill level 15 in Armour
 24219 | Snake:4  | Found Gekhoep's Antique Armour Boutique.
 24269 | Snake:4  | Gained mutation: Scrolls take you a little longer to read.
                  | [a shining eye]
 24296 | Snake:4  | Gained mutation: Your magical capacity is low. (-10% MP) [a
                  | shining eye]
 24349 | Snake:4  | Lost mutation: Scrolls take you a little longer to read.
                  | [potion of mutation]
 24349 | Snake:4  | Lost mutation: You are dopey. (Int -2) [potion of mutation]
 24349 | Snake:4  | Lost mutation: Your magical capacity is low. (-10% MP)
                  | [potion of mutation]
 24349 | Snake:4  | Lost mutation: You are partially covered in molten scales.
                  | (AC +2) [potion of mutation]
 24349 | Snake:4  | Gained mutation: You have sharp toenails. [potion of
                  | mutation]
 24349 | Snake:4  | Gained mutation: You have a pair of small antennae on your
                  | head. [potion of mutation]
 24349 | Snake:4  | Gained mutation: You are partially covered in large bone
                  | plates. (SH +4) [potion of mutation]
 24350 | Snake:4  | Lost mutation: You have sharp toenails. [potion of
                  | mutation]
 24350 | Snake:4  | Lost mutation: You are partially covered in large bone
                  | plates. (SH +4) [potion of mutation]
 24350 | Snake:4  | Lost mutation: You have a pair of small antennae on your
                  | head. [potion of mutation]
 24350 | Snake:4  | Gained mutation: You are weak. (Str -2) [potion of
                  | mutation]
 24350 | Snake:4  | Gained mutation: You possess an exceptional clarity of
                  | mind. [potion of mutation]
 24389 | Snake:4  | Reached skill level 15 in Axes
 24737 | Snake:4  | Got a serpentine rune of Zot
 24896 | Swamp:1  | Entered Level 1 of the Swamp
 25808 | Swamp:2  | Gained mutation: You passively map a large area around you.
                  | [Deep Dwarf growth]
 25808 | Swamp:2  | Reached XP level 18. HP: 166/171 MP: 16/16
 25855 | Swamp:2  | Noticed Nikola
 25980 | Swamp:2  | Killed Nikola
 26597 | Swamp:3  | Reached skill level 17 in Evocations
 26712 | Swamp:3  | Noticed a tentacled monstrosity
 26731 | Swamp:3  | Killed a tentacled monstrosity
 27246 | Swamp:4  | Entered Level 4 of the Swamp
 27692 | Swamp:4  | Got a decaying rune of Zot
 28099 | Vaults:1 | Entered Level 1 of the Vaults
 28196 | Vaults:1 | Found Guawkuvo's Distillery.
 28656 | Vaults:1 | Reached XP level 19. HP: 182/182 MP: 17/17
 28864 | Vaults:1 | Reached skill level 18 in Evocations
 29347 | Vaults:2 | Noticed a Tzitzimitl
 29645 | Vaults:2 | Noticed Sojobo
 29674 | Vaults:2 | Killed Sojobo
 30700 | Vaults:3 | Noticed Asterion
 30727 | Vaults:3 | Noticed a bone dragon
 30728 | Vaults:3 | Killed Asterion
 30758 | Vaults:3 | Killed a bone dragon
 30814 | Vaults:3 | Found a staircase to the Crypt.
 30934 | Vaults:3 | Identified Vuozufalo's Grimoire of the Frostbite and
                  | Calling
 31199 | Vaults:3 | Reached XP level 20. HP: 192/192 MP: 19/19
 31206 | Vaults:3 | Reached skill level 19 in Evocations
 31814 | Vaults:4 | Found Terchajale's Armour Shop.
 31905 | Vaults:4 | Reached skill level 15 in Fighting
 32521 | Vaults:4 | Identified the ring "Toul" {rN+ Str+2 Dex+6} (You found it
                  | on level 4 of the Vaults)
 32742 | Vaults:4 | Noticed Saint Roka
 32755 | Vaults:4 | Killed Saint Roka
 33165 | Vaults:4 | Found a portal to a secret trove of treasure.
 33296 | Vaults:5 | Entered Level 5 of the Vaults
 33426 | Vaults:5 | Reached XP level 21. HP: 181/202 MP: 19/19
 33495 | Vaults:5 | Reached skill level 20 in Evocations
 33571 | Vaults:5 | Noticed a golden dragon
 33587 | Vaults:5 | Killed a golden dragon
 33619 | Vaults:5 | Noticed an ancient lich
 33632 | Vaults:5 | Killed an ancient lich
 33825 | Vaults:5 | Reached skill level 21 in Evocations
 33874 | Vaults:5 | Reached XP level 22. HP: 74/214 MP: 20/20
 33919 | Vaults:5 | Got a silver rune of Zot
 34151 | Vaults:5 | Noticed a caustic shrike
 34151 | Vaults:5 | an alligator snapping turtle changed into a caustic shrike
 34154 | Vaults:5 | a caustic shrike changed into an acid blob
 34155 | Vaults:5 | Noticed a golden dragon
 34155 | Vaults:5 | an acid blob changed into a golden dragon
 34160 | Vaults:5 | a golden dragon changed into an acid blob
 34261 | Vaults:5 | Got a brightly glowing tin ring
 34266 | Vaults:5 | Identified the ring "Zoamatom" {*Drain rC+ rN+ Dex+2} (You
                  | found it on level 5 of the Vaults)
 34301 | Vaults:5 | Identified Reopn's Catalogue of the Compass and Companions
 34700 | Vaults:5 | Identified the +3 cloak of Veejuq {+Fly rPois Dex+3} (You
                  | acquired it on level 5 of the Vaults)
 34968 | Elf:1    | Entered Level 1 of the Elven Halls
 35131 | Elf:1    | Found Isuanun's General Store.
 35141 | Elf:1    | Bought a potion of might for 72 gold pieces
 35141 | Elf:1    | Bought a scroll of acquirement for 936 gold pieces
 35841 | Elf:2    | Found a huge runed gate.
 35841 | Elf:2    | Found a huge runed gate.
 35841 | Elf:2    | Found a huge runed gate.
 36229 | Elf:3    | Entered Level 3 of the Elven Halls
 36270 | Elf:3    | Found a frozen archway.
 36274 | IceCv    | Entered an ice cave
 36292 | IceCv    | Got a crude bronze ring
 36293 | IceCv    | Identified the ring "Kirghuu" {Fire rElec} (You found it in
                  | an ice cave)
 36660 | Elf:3    | Got a wavering tin amulet
 36663 | Elf:3    | Identified the amulet "Deesoik" {RegenMP rF+ rN+ Str-4
                  | Dex+9} (You took it off a deep elf mage on level 3 of the
                  | Elven Halls)
 36726 | Elf:3    | Reached skill level 22 in Evocations
 36780 | Elf:3    | Identified Ercheh's Handbook of Warped Curses
 36786 | Elf:3    | Identified the Catalogue of the Birds and the Glacier
 36838 | Elf:3    | Identified Sif Muna's Handbook of Harmful Curses
 36844 | Elf:3    | Got a distressingly furry cloak
 36870 | Elf:3    | Identified the +2 cloak of the Tired Spirits {Str+4} (You
                  | found it on level 3 of the Elven Halls)
 36998 | Elf:3    | Identified the Reference Book on Venomous Creation
 37390 | Elf:3    | Found a radiant altar of Vehumet.
 37789 | Depths:1 | Entered Level 1 of the Depths
 37795 | Depths:1 | Reached XP level 23. HP: 225/225 MP: 18/18
 37969 | Depths:1 | Found a gateway to Hell.
 38267 | Depths:1 | Found a one-way gate leading to the halls of Pandemonium.
 38616 | Depths:2 | Found Uzaucir's Food Boutique.
 38670 | Depths:2 | Found a one-way gate to the infinite horrors of the Abyss.
 38675 | Depths:2 | Found a transporter.
 38685 | Depths:2 | Found a transporter.
 38685 | Depths:2 | Found a transporter.
 38685 | Depths:2 | Found a transporter.
 38685 | Depths:2 | Found a transporter.
 38686 | Depths:2 | Found a transporter.
 38742 | Depths:2 | Learned a level 2 spell: Song of Slaying
 38764 | Depths:2 | Got a bound golden ring
 39063 | Depths:2 | Identified the ring "Qumaumij" {rElec rC+ MR+++ Int-5} (You
                  | found it on level 2 of the Depths)
 39220 | Depths:2 | Reached skill level 1 in Charms
 39518 | Depths:3 | Reached skill level 23 in Evocations
 39543 | Depths:3 | Got a faintly glowing diamond amulet
 39731 | Depths:3 | Identified the amulet of the Rabble {Faith *Drain rF+ rC+
                  | Str+8} (You took it off a centaur warrior on level 3 of the
                  | Depths)
 39765 | Depths:3 | Noticed a caustic shrike
 39767 | Depths:3 | Noticed a caustic shrike
 39768 | Depths:3 | Noticed a caustic shrike
 39778 | Depths:3 | Killed a caustic shrike
 39781 | Depths:3 | Noticed a caustic shrike
 39782 | Depths:3 | Killed a caustic shrike
 39790 | Depths:3 | Killed a caustic shrike
 39796 | Depths:3 | Killed a caustic shrike
 39799 | Depths:3 | Noticed a caustic shrike
 39802 | Depths:3 | Noticed a caustic shrike
 39804 | Depths:3 | Noticed a caustic shrike
 39804 | Depths:3 | Noticed a caustic shrike
 39816 | Depths:3 | Killed a caustic shrike
 39831 | Depths:3 | Killed a caustic shrike
 39832 | Depths:3 | Killed a caustic shrike
 39881 | Depths:3 | Reached skill level 5 in Charms
 39881 | Depths:3 | Reached XP level 24. HP: 161/236 MP: 18/18
 40037 | Depths:3 | Found a snail-covered altar of Cheibriados.
 40511 | Depths:4 | Found Wagyfacu's Armour Boutique.
 40535 | Depths:4 | Bought a +2 helmet for 297 gold pieces
 40535 | Depths:4 | Bought the +8 orange crystal plate armour {Archmagi, Int+3
                  | Clar} for 2601 gold pieces
 40535 | Depths:4 | Found the +8 orange crystal plate armour {Archmagi, Int+3
                  | Clar}
 40761 | Depths:4 | Found Hereont's Antique Weapon Shop.
 40841 | Depths:4 | Found Elaraewn's Gadget Boutique.
 40849 | Depths:4 | Bought a wand of clouds (4) for 336 gold pieces
 40959 | Depths:4 | Found Vitez's Antique Armour Emporium.
 41101 | Depths:4 | Reached skill level 24 in Evocations
 41108 | Depths:4 | Identified the Tome of Blistering Clay
 41119 | Depths:4 | Identified the Disquisition on Lightness and Toxins
 41133 | Depths:4 | Found a deep blue altar of Sif Muna.
 41161 | Depths:4 | Noticed an ancient lich
 41178 | Depths:4 | Killed an ancient lich
 41197 | Depths:4 | Got a pitted bronze amulet
 41253 | Depths:4 | Identified the Papyrus of Toxins and Summoning
 41264 | Depths:4 | Identified the Guide on Congealing Displacement
 41312 | Depths:4 | Identified Vehumet's Collected Works on Attacks
 41467 | Depths:5 | Entered Level 5 of the Depths
 41526 | Depths:5 | Found a magical portal.
 41535 | WizLab   | Entered Wucad Mu's Monastery
 41613 | WizLab   | Found the +9 staff of Wucad Mu {channel}
 41660 | WizLab   | Reached XP level 25. HP: 247/247 MP: 17/19
 41967 | Depths:5 | Found Mojuda Fedeu's Gadget Boutique.
 41967 | Depths:5 | Found Minamus's Jewellery Emporium.
 41968 | Depths:5 | Found Micew's Jewellery Emporium.
 41975 | Depths:5 | Bought a sack of spiders for 220 gold pieces
 42053 | Depths:5 | Got an encrusted helmet
 42064 | Depths:5 | Identified the +1 helmet of Awe {rN++ MR-} (You found it on
                  | level 5 of the Depths)
 42083 | Depths:5 | Identified the amulet "Lyckitz" {Inacc Str+3} (You found it
                  | on level 4 of the Depths)
 42200 | Depths:5 | Reached XP level 26. HP: 258/258 MP: 19/19
 42266 | Depths:5 | Found a gateway to a ziggurat.
 42459 | Depths:5 | Found a gate to the Realm of Zot.
 42733 | Zot:1    | Entered Level 1 of the Realm of Zot
 42778 | Zot:1    | Reached skill level 25 in Evocations
 43042 | Zot:1    | Reached skill level 10 in Charms
 43131 | Zot:1    | Got a clouded marble ring
 44407 | Zot:2    | Noticed an orb of fire
 44430 | Zot:2    | Killed an orb of fire
 44430 | Zot:2    | Reached skill level 26 in Evocations
 44890 | Zot:3    | Reached XP level 27. HP: 268/268 MP: 20/20
 44999 | Zot:3    | Identified the ring "Ceal" {rCorr Str+2 Int+4 Dex+4} (You
                  | took it off a black draconian on level 1 of the Realm of
                  | Zot)
 45999 | Zot:4    | Reached skill level 27 in Evocations
 46402 | Zot:5    | Entered Level 5 of the Realm of Zot
 46439 | Zot:5    | Found a shadowy altar of Dithmenos.
 46544 | Zot:5    | Noticed an ancient lich
 46548 | Zot:5    | Noticed an ancient lich
 46566 | Zot:5    | Killed an ancient lich
 46568 | Zot:5    | Killed an ancient lich
 46634 | Zot:5    | Noticed an ancient lich
 46654 | Zot:5    | Killed an ancient lich
 46769 | Zot:5    | Noticed an ancient lich
 46778 | Zot:5    | Killed an ancient lich
 46842 | Zot:5    | Noticed an ancient lich
 46853 | Zot:5    | Killed an ancient lich
 46949 | Zot:5    | Noticed an orb of fire
 46955 | Zot:5    | Gained mutation: You are frail. (-10% HP) [an orb of fire]
 46961 | Zot:5    | Lost mutation: You possess an exceptional clarity of mind.
                  | [an orb of fire]
 46968 | Zot:5    | Killed an orb of fire
 46989 | Zot:5    | Noticed an ancient lich
 47008 | Zot:5    | Killed an ancient lich
 47063 | Zot:5    | Lost mutation: You are frail. (-10% HP) [potion of
                  | mutation]
 47063 | Zot:5    | Gained mutation: You have a pair of small horns on your
                  | head. [potion of mutation]
 47063 | Zot:5    | Gained mutation: Your flesh is cold resistant. (rC+)
                  | [potion of mutation]
 47063 | Zot:5    | Gained mutation: Your skin changes colour to match your
                  | surroundings (Stealth+). [potion of mutation]
 47064 | Zot:5    | Lost mutation: You are weak. (Str -2) [potion of mutation]
 47064 | Zot:5    | Lost mutation: You have a pair of small horns on your head.
                  | [potion of mutation]
 47064 | Zot:5    | Lost mutation: Your flesh is cold resistant. (rC+) [potion
                  | of mutation]
 47064 | Zot:5    | Gained mutation: Your system is resistant to poisons.
                  | (rPois) [potion of mutation]
 47064 | Zot:5    | Gained mutation: You can translocate small distances at
                  | will. [potion of mutation]
 47103 | Zot:5    | Got the Orb of Zot
 47167 | Zot:5    | Noticed an ancient lich
 47177 | Zot:5    | Killed an ancient lich
 47195 | Zot:5    | Noticed Keogrih the pandemonium lord
 47206 | Zot:5    | Killed Keogrih the pandemonium lord
 47722 | D:$      | Escaped with the Orb!

Vault maps used:
D:1:      erik_arrival_triangle_large
D:3:      nicolae_gozag_cash_rules_everything_around_me, serial_corexii_hall,
          corexii_hall_statues_x, corexii_hall_statues_s, first_ration,
          uniq_grinder, uniq_terence
D:5:      ashenzari_altar_1
D:6:      grunt_temple_overflow_cloverleaf, minmay_joined_circles
D:7:      old_standard_altar, lemuel_round_altar,
          minmay_temple_entry_purple_smoke, gammafunk_ghost_arena,
          grunt_ogre_cave, minmay_misc_feat_rugged
D:8:      nicolae_overflow_hidden_temple, serial_shops, shop_fountains,
          kennysheep_generic_room_5
D:9:      grunt_ministairs_10, uniq_joseph
D:10:     lair_entry_dummy, orc_0_dummy, enter_bailey_2, uniq_urug
D:12:     serial_shops, kennysheep_mini_moat, uniq_snorg
D:13:     lab_entry_generic, grunt_dithmenos_shadows
D:14:     grunt_vaults_entry_tiered, minmay_misc_feat_columns, serial_shops,
          nicolae_shop_stone, nicolae_lava_and_water, moated_statue,
          grunt_tough_drop, uniq_agnes
D:15:     gammafunk_depths_entry_grave, tgw_sif
Temple:   cyrus_circular_temple
Lair:1:   worms_lemuel, grunt_megastairs_2
Lair:3:   swamp_mist_pool, serial_bayou_lagoon_a
Lair:4:   lemuel_slime, minmay_snake_entry_guardpost_small
Lair:5:   dpeg_slime_entry_enclosed_altar, serial_bayou_shore_b,
          serial_bayou_shore_b, grunt_megastairs_3
Lair:6:   cheibrodos_lair_end_hotspot, st_stairs_7, infiniplex_staircase_pool,
          minmay_lair_oklob_chamber, uniq_kirke
Swamp:1:  serial_swamp_ruin, evilmike_swamp_ruin_house_6,
          hangedman_swamp_ruin_wall, evilmike_swamp_ruin_rubble_2
Swamp:2:  hangedman_swamp_cone, infiniplex_staircase_pool_2, uniq_nikola
Swamp:3:  evilmike_swamp_ruin_house_2
Swamp:4:  swamp
Snake:1:  nicolae_snake_hallway, gammafunk_ghost_split, serial_shops,
          nicolae_shop_crystal, uniq_louise
Snake:2:  cheibrodos_snake_ritualist_ritual, serial_bayou_lake_a, uniq_vashnia
Snake:3:  lemuel_fruit_tree
Snake:4:  snake_hunt, serial_shops, nicolae_shop_behind_doors,
          gammafunk_ghost_arena, st_stairs_10, serial_bayou_ford_a,
          grunt_ministairs_10
Orc:2:    grunt_orc_community_town_hall, grunt_orc_community_big_house_2,
          grunt_orc_community_big_house_2, grunt_orc_community_house_2,
          grunt_orc_community_house_1, grunt_orc_community_house_3,
          grunt_orc_community_house_2, grunt_orc_community_house_2,
          grunt_orc_community_house_2
Elf:1:    serial_shops, shop
Elf:3:    minmay_elf_hall_furrowed, portal_ice_cave_entry_pillars_three,
          basic_altar, columned_hall_lemuel, basic_stair_grate_trap
Vaults:1: hangedman_vaults_hat, nicolae_vaults_network_quincunx,
          nicolae_vaults_shelves_hall, ontoclasm_vaults_spin, vaults_mumra_hex,
          hangedman_vaults_variations, hangedman_vaults_pinch,
          vaults_room_fancy_cross, ontoclasm_vaults_decontamination,
          serial_shops, shop
Vaults:2: nicolae_vaults_stairing_the_circle, hangedman_vaults_trim,
          ontoclasm_vaults_bender, v_misc_22, v_misc_24, v_misc_8,
          ontoclasm_vaults_chip, vaults_room_door_hall, uniq_sojobo
Vaults:3: nicolae_vaults_arrows, hangedman_vaults_slice,
          nicolae_vaults_angled_halls, ontoclasm_vaults_pinch,
          ontoclasm_vaults_loading_screen, hangedman_vaults_impose,
          minmay_crypt_entry_nasty_monster, ontoclasm_vaults_ring_small,
          nicolae_vaults_asterisk, v_alt_pattern_6, v_misc_30, v_misc_16,
          nicolae_vaults_ring_of_whatevers, vaults_room_pool, uniq_asterion
Vaults:4: nicolae_vaults_good_morning_starshine, vaults_dpeg_doors,
          nicolae_vaults_rhombus_6, hangedman_vaults_cutoff,
          nicolae_vaults_network_square, v_pattern_1, ontoclasm_vaults_ligature,
          v_misc_17, nicolae_vaults_network_periphery, hangedman_vaults_snaps,
          vaults_room_door_hall, nicolae_vaults_little_squares_6,
          ontoclasm_vaults_shuriken, nicolae_vaults_little_squares_3,
          nicolae_vaults_ring_of_whatevers, serial_shops, shop, enter_trove_3,
          uniq_saint_roka
Vaults:5: serial_shops
Depths:1: hell_entry, minmay_holes, rand_demon_pan_entry_4,
          kennysheep_cluttered_room, st_stairs_1, kennysheep_generic_room_15,
          firewood_loft
Depths:2: gammafunk_the_bubble, pf_hell_entry_tar_river, pan_entry,
          minmay_misc_feat_rows, abyss_entry, serial_shops,
          kennysheep_little_box, infiniplex_staircase_pillars_2,
          serial_bayou_shore_b
Depths:3: grunt_x_marks_the_spot, cheibriados_altar_1, pan_entry,
          hangedman_coc_ice_floe, hangedman_abyss_or_decor_jellyfish_corner
Depths:4: evilmike_library_of_no_secrets, pf_dread_powers_of_hell, serial_shops,
          nicolae_shop_crystal, shop, nicolae_shop_crystal, nicolae_shop_trees,
          minmay_room_of_horrors, infiniplex_staircase_pool_1
Depths:5: evilmike_zot_entry_basic, enter_ziggurat_d, mu_enter_wizlab_4,
          grunt_hell_entry_demonic_statue, serial_sigils_hangedman_shear,
          hex_large, minmay_checkered_concentric_circles,
          basic_stair_grate_trap, minmay_shop_grove
Zot:1:    hangedman_spider_trapstep
Zot:2:    basic_stair_grate_trap
Zot:4:    st_stairs_13, grunt_ministairs_4, hangedman_snake_sidewinding
Zot:5:    hangedman_feature_mirror
Lab:      labyrinth_mini_lab, nicolae_lab_stuck, nicolae_lab_very_dead_end,
          nicolae_lab_garden, nicolae_lab_plus, nicolae_lab_checkerboard,
          labyrinth_lava_lair
Bailey:   bailey_axe_3, bailey
IceCv:    ice_cave_statue_garden_chambered
WizLab:   wizlab_wucad

Skill      XL: |  1  2  3  4  5  6  7  8  9 10 11 12 13 14 15 16 17 18 19 20 21 22 23 24 25 26 27 |
---------------+----------------------------------------------------------------------------------+-----
Dodging        | 1 2 3 4 5 6 7 8 9 10 | 10.0
Fighting       | 3 4 5 6 7 8 9 10 11 12 13 14 15 16 17 18 19 20 24 | 24.3
Axes           | 3 4 5 6 7 8 10 11 12 13 14 15 16 17 18 | 18.0
Armour         | 4 5 6 7 8 9 10 11 12 13 14 15 16 17 18 19 20 21 22 24 | 24.5
Shields        | 4 5 6 7 8 9 10 11 12 13 14 15 16 17 18 19 20 | 20.0
Evocations     | 1 4 6 8 9 11 13 14 15 16 17 18 19 21 22 23 24 26 27 | 27.0
Invocations    | 3 5 7 8 |  8.0
Charms         | 5 7 9 10 | 10.0

Action                   |  1- 3 |  4- 6 |  7- 9 | 10-12 | 13-15 | 16-18 | 19-21 | 22-24 | 25-27 || total
-------------------------+-------+-------+-------+-------+-------+-------+-------+-------+-------++-------
Melee: War axe           |   109 |    47 |       |   505 |  1406 |       |       |       |       ||  2067
       Trident           |       |    41 |   298 |   170 |       |       |       |       |       ||   509
       Whip              |       |       |    64 |       |       |       |       |       |       ||    64
       Short sword       |       |       |   243 |       |       |       |       |       |       ||   243
       Broad axe         |       |       |       |    26 |   168 |  1205 |  1087 |  1285 |  1305 ||  5076
       Mace              |       |       |       |       |       |     2 |       |       |       ||     2
Throw: Throwing net      |       |       |       |       |       |       |       |       |     3 ||     3
 Cast: Song of Slaying   |       |       |       |       |       |       |       |     3 |    20 ||    23
Invok: Minor Destruction |       |       |       |    16 |       |     4 |       |       |       ||    20
       Lesser Servant of |       |       |       |       |     5 |    18 |       |     6 |       ||    29
 Abil: Heal Wounds       |     1 |     1 |    10 |     4 |    12 |    19 |    10 |    16 |     7 ||    80
Evoke: Wand              |       |       |     2 |    40 |    42 |    38 |    11 |    10 |     4 ||   147
       Lamp of fire      |       |       |       |       |     1 |     3 |     2 |       |       ||     6
  Use: Potion            |       |     3 |     1 |     1 |     4 |     8 |     2 |     1 |    10 ||    30
       Scroll            |       |     5 |       |    15 |    18 |    13 |    11 |    19 |    11 ||    92
 Stab: Confused          |       |       |     1 |       |       |       |       |       |     3 ||     4
       Paralysed         |       |       |       |       |    50 |     6 |     7 |     3 |    19 ||    85
       Distracted        |       |       |       |       |     2 |     5 |     2 |     3 |       ||    12
       Petrified         |       |       |       |       |       |       |     4 |       |     2 ||     6
       Held in net/web   |       |       |       |       |       |       |       |       |     3 ||     3
       Petrifying        |       |       |       |       |       |       |       |       |     2 ||     2
  Eat: Chunk             |     2 |     2 |    13 |    15 |    30 |    16 |    17 |    25 |    11 ||   131
       Ration            |       |     1 |       |     2 |       |     3 |       |     1 |     6 ||    13
Armor: Scale mail        |    38 |     5 |       |       |       |       |       |       |       ||    43
       Chain mail        |       |    36 |    80 |     6 |       |    88 |       |       |       ||   210
       Plate armour      |       |       |   288 |   204 |   411 |   271 |   326 |       |       ||  1500
       Swamp dragon scal |       |       |       |       |       |    18 |       |       |       ||    18
       Storm dragon scal |       |       |       |       |       |       |    24 |   270 |       ||   294
       Crystal plate arm |       |       |       |       |       |       |       |    86 |   712 ||   798
       Skin              |       |       |       |       |       |       |       |       |     1 ||     1
Dodge: Dodged            |    32 |    19 |   186 |   365 |   707 |   586 |   366 |   405 |   361 ||  3027
Block: Shield            |    52 |    44 |   352 |   542 |   990 |       |       |       |       ||  1980
       Large shield      |       |       |       |       |    47 |  1315 |  1070 |  1267 |  1310 ||  5009
       Reflection        |       |       |       |       |       |       |    39 |    43 |       ||    82

Table legend:
 A = Non-vault XP
 B = Vault XP
 C = Vault XP percentage of total XP
 D = Non-vault monster count
 E = Vault monster count
 F = Vault count percentage of total count
                 A         B        C        D         E       F
            +---------+---------+-------+---------+---------+-------
      Total |  900625 |  742153 |  45.2 |    1429 |     827 |  36.7
            +---------+---------+-------+---------+---------+-------
        D:1 |      13 |       0 |   0.0 |       9 |       0 |   0.0
        D:2 |      83 |       0 |   0.0 |      24 |       0 |   0.0
        D:3 |      17 |     326 |  95.0 |       9 |       2 |  18.2
        D:4 |     270 |       0 |   0.0 |      11 |       0 |   0.0
        D:5 |     457 |       0 |   0.0 |      15 |       0 |   0.0
        D:6 |     913 |     630 |  40.8 |      29 |      12 |  29.3
        D:7 |     465 |      75 |  13.9 |      11 |       1 |   8.3
        D:8 |    1433 |     120 |   7.7 |      24 |       3 |  11.1
        D:9 |    2315 |     489 |  17.4 |      24 |       3 |  11.1
       D:10 |    2179 |     811 |  27.1 |      26 |       1 |   3.7
       D:11 |    3092 |       0 |   0.0 |      19 |       0 |   0.0
       D:12 |    7260 |     824 |  10.2 |      36 |       1 |   2.7
       D:13 |   12286 |      11 |   0.1 |      39 |       1 |   2.5
       D:14 |    6669 |   11638 |  63.6 |      25 |      27 |  51.9
       D:15 |   11597 |    5742 |  33.1 |      40 |      10 |  20.0
     Lair:1 |    2651 |    1521 |  36.5 |      12 |      10 |  45.5
     Lair:2 |    3791 |       0 |   0.0 |      17 |       0 |   0.0
     Lair:3 |    4784 |       0 |   0.0 |      22 |       0 |   0.0
     Lair:4 |    5143 |    1176 |  18.6 |      18 |      23 |  56.1
     Lair:5 |    3636 |     151 |   4.0 |      11 |       1 |   8.3
     Lair:6 |   15849 |   10502 |  39.9 |      48 |      32 |  40.0
    Swamp:1 |    8541 |       0 |   0.0 |      23 |       0 |   0.0
    Swamp:2 |   13129 |    3218 |  19.7 |      32 |       1 |   3.0
    Swamp:3 |   12272 |       0 |   0.0 |      22 |       0 |   0.0
    Swamp:4 |   16044 |   17045 |  51.5 |      31 |      24 |  43.6
    Snake:1 |   10521 |   10479 |  49.9 |      22 |      16 |  42.1
    Snake:2 |   26287 |   11767 |  30.9 |      39 |      11 |  22.0
    Snake:3 |   25393 |       0 |   0.0 |      40 |       0 |   0.0
    Snake:4 |   21278 |   35929 |  62.8 |      46 |      50 |  52.1
      Orc:1 |    4985 |       0 |   0.0 |      30 |       0 |   0.0
      Orc:2 |    1402 |    7347 |  84.0 |       9 |      77 |  89.5
      Elf:1 |    6602 |       0 |   0.0 |      12 |       0 |   0.0
      Elf:2 |   17290 |     913 |   5.0 |      28 |       1 |   3.4
      Elf:3 |   32040 |   48120 |  60.0 |      47 |      30 |  39.0
   Vaults:1 |   32438 |   18360 |  36.1 |      60 |      34 |  36.2
   Vaults:2 |   19470 |   27077 |  58.2 |      32 |      27 |  45.8
   Vaults:3 |   33484 |   24812 |  42.6 |      65 |      30 |  31.6
   Vaults:4 |   24059 |   31604 |  56.8 |      28 |      43 |  60.6
   Vaults:5 |   20602 |  151320 |  88.0 |      23 |     105 |  82.0
   Depths:1 |   19927 |    8363 |  29.6 |      31 |       9 |  22.5
   Depths:2 |   15876 |   16045 |  50.3 |      18 |      19 |  51.4
   Depths:3 |   64493 |   40441 |  38.5 |      50 |      32 |  39.0
   Depths:4 |   48461 |   36560 |  43.0 |      58 |      37 |  38.9
   Depths:5 |   45291 |   32446 |  41.7 |      41 |      41 |  50.0
      Zot:1 |   90835 |    4390 |   4.6 |      62 |      10 |  13.9
      Zot:2 |   59101 |     818 |   1.4 |      28 |       2 |   6.7
      Zot:3 |   43679 |       0 |   0.0 |      27 |       0 |   0.0
      Zot:4 |   63919 |   27331 |  30.0 |      35 |      24 |  40.7
      Zot:5 |   38303 |  144043 |  79.0 |      21 |      36 |  63.2
        Lab |       0 |    1596 | 100.0 |       0 |       3 | 100.0
     Bailey |       0 |     442 | 100.0 |       0 |      16 | 100.0
      IceCv |       0 |    6460 | 100.0 |       0 |      21 | 100.0
     WizLab |       0 |    1211 | 100.0 |       0 |       1 | 100.0
            +---------+---------+-------+---------+---------+-------
